TOP OF THE 1ST |
Las Vegas Stars batting - Pitching for Texarkana Bears : RHP Joe Utter
|
Pitching: RHP Joe Utter
|
|
Batting: RHB Jonathan MacVey
|
0-0: Ball 1-0: Ball 2-0: Foul Ball, location: 2F 2-1: Ball 3-1: Base on Balls
|
Batting: RHB Juan Valverde
|
0-0: Called Strike 0-1: Ball 1-1: Ball 2-1: Ball 3-1: Base on Balls Jonathan MacVey to second
|
Batting: RHB Tom Howe
|
0-0: Called Strike 0-1: Ball 1-1: Foul Ball, location: 2F 1-2: Ball 2-2: Strikes out swinging
|
Batting: LHB Fernando De La Cruz
|
0-0: Called Strike 0-1: Ball 1-1: Ball 2-1: Ball 3-1: Foul Ball, location: 2F 3-2: Strikes out swinging
|
Batting: SHB Héctor Barajas
|
0-0: Fly out, F9 (Flyball, 9)
|
Top of the 1st over - 0 run(s), 0 hit(s), 0 error(s), 2 left on base; Las Vegas 0 - Texarkana 0 |
BOTTOM OF THE 1ST |
Texarkana Bears batting - Pitching for Las Vegas Stars : RHP Kyoshi Asano
|
Pitching: RHP Kyoshi Asano
|
|
Batting: RHB Tony Reyes
|
0-0: Ball 1-0: Ball 2-0: Called Strike 2-1: Ball 3-1: Foul Ball, location: 2F 3-2: Ground out 1-3 (Groundball, 15S)
|
Batting: LHB Sam Barnes
|
0-0: Foul Ball, location: 2F 0-1: Ball 1-1: Ball 2-1: Fly out, F4 (Line Drive, 4)
|
Now at 2B: Kyle Bacon
|
|
Batting: RHB Keith Ford
|
0-0: Called Strike 0-1: Ball 1-1: Ball 2-1: Fly out, F9 (Flyball, 9S)
|
Bottom of the 1st over - 0 run(s), 0 hit(s), 0 error(s), 0 left on base; Las Vegas 0 - Texarkana 0 |
TOP OF THE 2ND |
Las Vegas Stars batting - Pitching for Texarkana Bears : RHP Joe Utter
|
Batting: LHB Joaquín González
|
0-0: SOLO HOME RUN (Line Drive, 78XD), Distance : 418 ft
|
Batting: RHB Douglas Davis
|
0-0: Ground out 1-3 (Groundball, 15)
|
Batting: RHB Ryan McBride
|
0-0: Ball 1-0: Ball 2-0: Ball 3-0: Foul Ball, location: 2F 3-1: Called Strike 3-2: Strikes out swinging
|
Batting: LHB Paco Rivera
|
0-0: Foul Ball, location: 2F 0-1: Ball 1-1: Fly out, F7 (Flyball, 7)
|
Top of the 2nd over - 1 run(s), 1 hit(s), 0 error(s), 0 left on base; Las Vegas 1 - Texarkana 0 |
BOTTOM OF THE 2ND |
Texarkana Bears batting - Pitching for Las Vegas Stars : RHP Kyoshi Asano
|
Batting: LHB Mark Thomas
|
0-0: Ground out U3 (Groundball, 34)
|
Batting: RHB Billy Campbell
|
0-0: Ball 1-0: Ball 2-0: Ball 3-0: Called Strike 3-1: Called Strike 3-2: Base on Balls
|
Batting: LHB Tom Mullins
|
0-0: Foul Ball, location: 2F 0-1: Ball 1-1: Ball 2-1: Fly out, F9 (Flyball, 9S)
|
Batting: RHB Juan Rico
|
0-0: Ball 1-0: Ball 2-0: Fly out, F9 (Flyball, 9)
|
Bottom of the 2nd over - 0 run(s), 0 hit(s), 0 error(s), 1 left on base; Las Vegas 1 - Texarkana 0 |
TOP OF THE 3RD |
Las Vegas Stars batting - Pitching for Texarkana Bears : RHP Joe Utter
|
Batting: RHB Jonathan MacVey
|
0-0: Foul Ball, location: 2F 0-1: Foul Ball, location: 2F 0-2: Ball 1-2: Ball 2-2: Foul Ball, location: 2F 2-2: Ball 3-2: Fly out, F9 (Flyball, 9S)
|
Batting: RHB Juan Valverde
|
0-0: Foul Ball, location: 2F 0-1: Ball 1-1: Ball 2-1: Foul Ball, location: 2F 2-2: Foul Ball, location: 2F 2-2: Foul Ball, location: 2F 2-2: Strikes out swinging
|
Batting: RHB Tom Howe
|
0-0: Foul Ball, location: 2F 0-1: Ball 1-1: Called Strike 1-2: Strikes out looking
|
Top of the 3rd over - 0 run(s), 0 hit(s), 0 error(s), 0 left on base; Las Vegas 1 - Texarkana 0 |
BOTTOM OF THE 3RD |
Texarkana Bears batting - Pitching for Las Vegas Stars : RHP Kyoshi Asano
|
Batting: RHB Kun Liu
|
0-0: Ball 1-0: Ball 2-0: Called Strike 2-1: Ball 3-1: Called Strike 3-2: Strikes out swinging
|
Batting: RHB Steve Garneys
|
0-0: Fly out, F9 (Flyball, 9S)
|
Batting: RHB Tony Reyes
|
0-0: Ball 1-0: Foul Ball, location: 2F 1-1: Ball 2-1: Foul Ball, location: 2F 2-2: DOUBLE (Line Drive, 78XD) - OUT at third base trying to stretch hit.
|
Bottom of the 3rd over - 0 run(s), 1 hit(s), 0 error(s), 0 left on base; Las Vegas 1 - Texarkana 0 |
TOP OF THE 4TH |
Las Vegas Stars batting - Pitching for Texarkana Bears : RHP Joe Utter
|
Batting: RHB Kyle Bacon
|
0-0: Called Strike 0-1: Foul Ball, location: 2F 0-2: Ball 1-2: Ground out 6-3 (Groundball, 6)
|
Batting: SHB Héctor Barajas
|
0-0: Ground out 6-3 (Groundball, 6)
|
Batting: LHB Joaquín González
|
0-0: Called Strike 0-1: Ball 1-1: Foul Ball, location: 2F 1-2: Fly out, F5 (Popup, 56)
|
Top of the 4th over - 0 run(s), 0 hit(s), 0 error(s), 0 left on base; Las Vegas 1 - Texarkana 0 |
BOTTOM OF THE 4TH |
Texarkana Bears batting - Pitching for Las Vegas Stars : RHP Kyoshi Asano
|
Batting: LHB Sam Barnes
|
0-0: Ball 1-0: Swinging Strike 1-1: Foul Ball, location: 2F 1-2: Ball 2-2: Strikes out swinging
|
Batting: RHB Keith Ford
|
0-0: Ground out 3-1 (Groundball, 34)
|
Batting: LHB Mark Thomas
|
0-0: Ball 1-0: Ball 2-0: Foul Ball, location: 2F 2-1: Ground out 6-3 (Groundball, 6)
|
Bottom of the 4th over - 0 run(s), 0 hit(s), 0 error(s), 0 left on base; Las Vegas 1 - Texarkana 0 |
TOP OF THE 5TH |
Las Vegas Stars batting - Pitching for Texarkana Bears : RHP Joe Utter
|
Batting: RHB Douglas Davis
|
0-0: Called Strike 0-1: Fly out, F9 (Flyball, 89M)
|
Batting: RHB Ryan McBride
|
0-0: Called Strike 0-1: Foul Ball, location: 2F 0-2: Ball 1-2: Ball 2-2: Strikes out looking
|
Batting: LHB Paco Rivera
|
0-0: Called Strike 0-1: Ball 1-1: Foul Ball, location: 2F 1-2: SINGLE (Line Drive, 3S)
|
Batting: RHB Jonathan MacVey
|
0-0: Called Strike 0-1: Called Strike 0-2: Ball 1-2: Strikes out swinging
|
Top of the 5th over - 0 run(s), 1 hit(s), 0 error(s), 1 left on base; Las Vegas 1 - Texarkana 0 |
BOTTOM OF THE 5TH |
Texarkana Bears batting - Pitching for Las Vegas Stars : RHP Kyoshi Asano
|
Batting: RHB Billy Campbell
|
0-0: Ball 1-0: Ground out 6-3 (Groundball, 56)
|
Batting: LHB Tom Mullins
|
0-0: Ball 1-0: Ball 2-0: DOUBLE (Groundball, 3L)
|
Batting: RHB Juan Rico
|
0-0: Ball 1-0: Ball 2-0: Called Strike 2-1: Swinging Strike 2-2: Ball 3-2: Base on Balls
|
Batting: RHB Kun Liu
|
0-0: Called Strike 0-1: Foul Ball, location: 2F 0-2: Strikes out swinging
|
Batting: RHB Steve Garneys
|
0-0: Ball 1-0: Fielders Choice at 2nd, 6-4 (Groundball, 6)
|
Bottom of the 5th over - 0 run(s), 1 hit(s), 0 error(s), 1 left on base; Las Vegas 1 - Texarkana 0 |
TOP OF THE 6TH |
Las Vegas Stars batting - Pitching for Texarkana Bears : RHP Joe Utter
|
Batting: RHB Juan Valverde
|
0-0: Ball 1-0: Called Strike 1-1: Reached on error, E5 (Groundball, 5)
|
Batting: RHB Tom Howe
|
0-0: Ball 1-0: Ball 2-0: SINGLE (Groundball, 6S) (infield hit) Juan Valverde to second
|
Batting: RHB Kyle Bacon
|
0-0: Ball 1-0: Ball 2-0: Called Strike 2-1: Swinging Strike 2-2: Fly out, F8 (Flyball, 89M)
|
Batting: SHB Héctor Barajas
|
0-0: Foul Ball, location: 2F 0-1: Foul Ball, location: 2F 0-2: Strikes out swinging
|
Batting: LHB Joaquín González
|
0-0: Ball 1-0: SINGLE (Line Drive, 89S) Juan Valverde to third Tom Howe to second
|
Batting: RHB Douglas Davis
|
0-0: Fielders Choice at 2nd, 6-4 (Groundball, 6)
|
Top of the 6th over - 0 run(s), 2 hit(s), 1 error(s), 2 left on base; Las Vegas 1 - Texarkana 0 |
BOTTOM OF THE 6TH |
Texarkana Bears batting - Pitching for Las Vegas Stars : RHP Kyoshi Asano
|
Batting: RHB Tony Reyes
|
0-0: Ball 1-0: Ball 2-0: Bunt for hit - play at first, batter OUT! 1-3
|
Batting: LHB Sam Barnes
|
0-0: Ball 1-0: Foul Ball, location: 2F 1-1: SINGLE (Groundball, 4MD)
|
Batting: RHB Keith Ford
|
0-0: Called Strike 0-1: Ball 1-1: Grounds into double play, 6-4-3 (Groundball, 6)
|
Bottom of the 6th over - 0 run(s), 1 hit(s), 0 error(s), 0 left on base; Las Vegas 1 - Texarkana 0 |
TOP OF THE 7TH |
Las Vegas Stars batting - Pitching for Texarkana Bears : RHP Joe Utter
|
Pitching: RHP Kosami Tagawa
|
|
Batting: RHB Ryan McBride
|
0-0: Ball 1-0: Foul Ball, location: 2F 1-1: Ball 2-1: Ground out 6-3 (Groundball, 6)
|
Batting: LHB Paco Rivera
|
0-0: Ball 1-0: Foul Ball, location: 2F 1-1: SOLO HOME RUN (Flyball, 9D), Distance : 395 ft
|
Batting: RHB Jonathan MacVey
|
0-0: Ball 1-0: Ball 2-0: Fly out, F9 (Flyball, 9LMF)
|
Batting: RHB Juan Valverde
|
0-0: Called Strike 0-1: Ball 1-1: Called Strike 1-2: Foul Ball, location: 2F 1-2: Ground out 5-3 (Groundball, 56)
|
Top of the 7th over - 1 run(s), 1 hit(s), 0 error(s), 0 left on base; Las Vegas 2 - Texarkana 0 |
BOTTOM OF THE 7TH |
Texarkana Bears batting - Pitching for Las Vegas Stars : RHP Kyoshi Asano
|
Batting: LHB Mark Thomas
|
0-0: Reached on error, E6 (Groundball, 6)
|
Batting: RHB Billy Campbell
|
0-0: Called Strike 0-1: Fly out, F8 (Flyball, 8RD)
|
Batting: LHB Tom Mullins
|
0-0: Called Strike 0-1: Called Strike 0-2: Foul Ball, location: 2F 0-2: Strikes out looking
|
Batting: RHB Juan Rico
|
0-0: SINGLE (Line Drive, 4D) Mark Thomas to second
|
Batting: RHB Kun Liu
|
0-0: Ball 1-0: Ball 2-0: Ball 3-0: Base on Balls Mark Thomas to third Juan Rico to second
|
Pinch Hitting: LHB Kent MacDulothe
|
0-0: Called Strike 0-1: Ball 1-1: SINGLE (Line Drive, 78S) Mark Thomas scores Juan Rico to third Kun Liu to second Runner from 3rd tries for Home, SAFE, no throw
|
Batting: RHB Tony Reyes
|
0-0: Ball 1-0: Foul Ball, location: 2F 1-1: Ball 2-1: Foul Ball, location: 2F 2-2: Fielders Choice at 2nd, 6-4 (Groundball, 6)
|
Bottom of the 7th over - 2 run(s), 2 hit(s), 1 error(s), 1 left on base; Las Vegas 2 - Texarkana 2 |
TOP OF THE 8TH |
Las Vegas Stars batting - Pitching for Texarkana Bears : RHP Kosami Tagawa
|
Now at SS: Arturo Rodríguez
|
|
Batting: RHB Tom Howe
|
0-0: Ball 1-0: DOUBLE (Line Drive, 78XD)
|
Pinch Hitting: LHB Ethan Marshall
|
0-0: Intentional Walk
|
Pinch Hitting: RHB Ron Shelton
|
0-0: Ball 1-0: Ball 2-0: 3-RUN HOME RUN (Flyball, 89XD), Distance : 403 ft
|
Pitching: RHP Vaughan Gillespie
|
|
Batting: LHB Joaquín González
|
0-0: Ball 1-0: Ground out 6-3 (Groundball, 6)
|
Batting: RHB Douglas Davis
|
0-0: Called Strike 0-1: DOUBLE (Groundball, 5L)
|
Batting: RHB Ryan McBride
|
0-0: Ball 1-0: Reached on error, E5 (Groundball, 56) Douglas Davis scores
|
Batting: LHB Paco Rivera
|
0-0: Intentional Walk
|
Batting: RHB Jonathan MacVey
|
0-0: Ball 1-0: Called Strike 1-1: Called Strike 1-2: Strikes out looking
|
Batting: RHB Juan Valverde
|
0-0: 3-RUN HOME RUN (Flyball, 7LD), Distance : 382 ft
|
Pitching: RHP Ralph Willaims
|
|
Batting: RHB Tom Howe
|
0-0: Swinging Strike 0-1: Swinging Strike 0-2: Strikes out swinging
|
Top of the 8th over - 7 run(s), 4 hit(s), 1 error(s), 0 left on base; Las Vegas 9 - Texarkana 2 |
BOTTOM OF THE 8TH |
Texarkana Bears batting - Pitching for Las Vegas Stars : RHP Kyoshi Asano
|
Now at 2B: Ron Shelton
|
|
Now at 3B: Brian George
|
|
Batting: LHB Sam Barnes
|
0-0: Foul Ball, location: 2F 0-1: Ball 1-1: SINGLE (Line Drive, 89S)
|
Batting: RHB Keith Ford
|
0-0: Called Strike 0-1: Fly out, F9 (Flyball, 9S)
|
Pitching: RHP Emílio Núñez
|
|
Batting: LHB Mark Thomas
|
0-0: Ball 1-0: Ball 2-0: Ball 3-0: Base on Balls Sam Barnes to second
|
Batting: RHB Billy Campbell
|
0-0: Called Strike 0-1: Ball 1-1: Foul Ball, location: 2F 1-2: Foul Ball, location: 2F 1-2: Ball 2-2: Foul Ball, location: 2F 2-2: Ball 3-2: Foul Ball, location: 2F 3-2: Base on Balls Sam Barnes to third Mark Thomas to second
|
Batting: LHB Tom Mullins
|
0-0: Ball 1-0: Ball 2-0: Ball 3-0: Called Strike 3-1: Fly out, F8 (Flyball, 8LM) Runner from 3rd tags up, SCORES, throw made
|
Batting: RHB Juan Rico
|
0-0: Called Strike 0-1: Foul Ball, location: 2F 0-2: Strikes out swinging
|
Bottom of the 8th over - 1 run(s), 1 hit(s), 0 error(s), 2 left on base; Las Vegas 9 - Texarkana 3 |
TOP OF THE 9TH |
Las Vegas Stars batting - Pitching for Texarkana Bears : RHP Ralph Willaims
|
Batting: RHB Brian George
|
0-0: Called Strike 0-1: SINGLE (Flyball, 78M)
|
Batting: RHB Ron Shelton
|
0-0: Called Strike 0-1: Ball 1-1: Foul Ball, location: 2F 1-2: Grounds into double play, 5-4-3 (Groundball, 5L)
|
Batting: LHB Joaquín González
|
0-0: Ball 1-0: Ball 2-0: Ball 3-0: Base on Balls
|
Batting: RHB Douglas Davis
|
0-0: Fly out, F3 (Line Drive, 4S)
|
Top of the 9th over - 0 run(s), 1 hit(s), 0 error(s), 1 left on base; Las Vegas 9 - Texarkana 3 |
BOTTOM OF THE 9TH |
Texarkana Bears batting - Pitching for Las Vegas Stars : RHP Emílio Núñez
|
Batting: RHB Kun Liu
|
0-0: Called Strike 0-1: Foul Ball, location: 2F 0-2: Ball 1-2: Ball 2-2: Ball 3-2: Base on Balls
|
Batting: RHB Arturo Rodríguez
|
0-0: Called Strike 0-1: Ball 1-1: Ball 2-1: Fly out, F9 (Flyball, 89S)
|
Batting: RHB Tony Reyes
|
0-0: Swinging Strike 0-1: Swinging Strike 0-2: Foul Ball, location: 2F 0-2: Foul Ball, location: 2F 0-2: Strikes out swinging
|
Batting: LHB Sam Barnes
|
0-0: Swinging Strike 0-1: Swinging Strike 0-2: Ball 1-2: Foul Ball, location: 2F 1-2: Foul Ball, location: 2F 1-2: Strikes out swinging
|
Bottom of the 9th over - 0 run(s), 0 hit(s), 0 error(s), 1 left on base; Las Vegas 9 - Texarkana 3 |
|